 Dungeon Crawl Stone Soup version 0.21.1-1-g345015f (webtiles) character file.

68 wojtek the Grave Robber (level 4, -1/24 HPs)
             Began as a Kobold Necromancer on July 13, 2018.
             Slain by a gnoll (3 damage)
             ... on level 3 of the Dungeon.
             The game lasted 00:04:42 (3306 turns).

wojtek the Grave Robber (Kobold Necromancer)        Turns: 3306, Time: 00:04:43

Health: -1/24      AC:  2    Str:  5    XL:     4   Next: 41%
Magic:  7/7        EV: 15    Int: 17    God:
Gold:   127        SH:  0    Dex: 15    Spells: 6/7 levels left

rFire    . . .     SeeInvis .   b - +0 short sword (speed)
rCold    . . .     Gourm    .   (shield restricted)
rNeg     . . .     Faith    .   g - +0 robe
rPois    .         Spirit   .   (no helmet)
rElec    .         Reflect  .   (no cloak)
rCorr    .         Harm     .   (no gloves)
MR       .....                  (no boots)
Stlth    ++........             (no amulet)
HPRegen  0.08/turn              (no ring)
MPRegen  0.10/turn              (no ring)

@: no status effects
A: small, carnivore
a: no special abilities


You were on level 3 of the Dungeon.
You were very full.

You visited 1 branch of the dungeon, and saw 3 of its levels.

You collected 127 gold pieces.

Inventory:

Hand Weapons
 a - a +0 dagger
 b - a +0 short sword of speed (weapon)
Armour
 g - a +0 robe (worn)
Scrolls
 d - 6 scrolls of identify {unknown}
 e - 4 scrolls of remove curse {unknown}
 f - 2 scrolls of magic mapping {unknown}
 h - a scroll of blinking {unknown}
 i - 2 scrolls of enchant weapon {unknown}
Potions
 j - 4 potions of curing {unknown}
 l - a potion of berserk rage {unknown}
Books
 k - a book of Necromancy

   Spells                             Type                      Level
   a - Pain                           Necromancy                   1
   b - Animate Skeleton               Necromancy                   1
   c - Vampiric Draining              Necromancy                   3
   d - Regeneration                   Charms/Necromancy            3
   e - Animate Dead                   Necromancy                   4
   f - Borgnjor's Vile Clutch         Necromancy/Earth             5
Comestibles
 c - 4 rations
 m - 6 chunks of flesh


   Skills:
 * Level 4.1 Short Blades
 - Level 2.4 Dodging
 - Level 2.6 Stealth
 - Level 2.1 Spellcasting
 - Level 4.4 Necromancy


You had 6 spell levels left.
You knew the following spells:

 Your Spells              Type           Power        Failure   Level  Hunger
a - Pain                  Necr           ###.         3%          1    #......


Dungeon Overview and Level Annotations

Branches:
Dungeon (3/15)

Altars:
Cheibriados
Dithmenos
Elyvilon
Ru
Trog
Uskayaw
Vehumet
Wu Jian


Innate Abilities, Weirdness & Mutations

You are small and have problems with some larger weapons.
You are carnivorous and can eat meat at any time.


Message History

Confirm with . or Enter, or press ? or * to list all spells.
Aiming: Pain
Press: ? - help, Shift-Dir - straight line, f/p - orc
Aim: an orc (almost dead, chance to defeat MR: 87%)
The orc writhes in agony!
You kill the orc!
You see here an orc corpse.
You butcher the orc corpse.
m - 6 chunks of flesh (gained 1)
There is an open door here.
The orc shouts!
You hear a shout!
A jackal comes into view.
An adder comes into view.
There is an open door here.
You hear the quick rusting of a very distant drain.
The gnoll shouts! x3
The gnoll hits you.
* * * LOW HITPOINT WARNING * * *
The gnoll hits you.
You die...

S.........................ยง.
.....##o###.................
.....##.# #..........###....
.....##.# #..........# ....
#######.####'###(##### ..#
#.........#.###.###### .#
#.####o##o#.#..g.....#
#.#....##.#.#.#.####.#
#.#.#..##.#.#.#@gr.#
#.#.......#.#.#g#....#
#.#....####.#o#.######
#.#####.oo..o.#.. #.#
#.###.##### #.# #.# #.#
##.#####.###.#
.............###################
##.#####.......................#


You could see 3 gnolls and a quokka.

Vanquished Creatures
  2 adders (D:2)
  An ooze (D:1)
  2 worms
  A dart slug (D:2)
  A leopard gecko (D:1)
  An orc (D:3)
  A ball python (D:3)
  2 bats
  A giant cockroach (D:2)
  6 goblins
  2 hobgoblins (D:2)
  2 jackals (D:3)
  2 quokkas
  2 frilled lizards
  5 kobolds
  5 rats
36 creatures vanquished.

Notes
Turn   | Place    | Note
-------+----------+-------------------------------------------
     0 | D:1      | wojtek the Kobold Necromancer began the quest for the Orb.
     0 | D:1      | Reached XP level 1. HP: 10/10 MP: 3/3
   102 | D:1      | Reached XP level 2. HP: 9/15 MP: 0/5
  1276 | D:2      | Found an ornate altar of the Wu Jian Council.
  1283 | D:2      | Found a radiant altar of Vehumet.
  1283 | D:2      | Found a hide-covered altar of Uskayaw.
  1283 | D:2      | Found a snail-covered altar of Cheibriados.
  1291 | D:2      | Reached skill level 1 in Short Blades
  1291 | D:2      | Reached XP level 3. HP: 8/19 MP: 3/6
  1620 | D:2      | Found a white marble altar of Elyvilon.
  1620 | D:2      | Found a sacrificial altar of Ru.
  2277 | D:2      | Found a bloodstained altar of Trog.
  2746 | D:2      | Reached XP level 4. HP: 24/24 MP: 7/7
  2999 | D:3      | Found a shadowy altar of Dithmenos.
  3306 | D:3      | Slain by a gnoll

Skill      XL: |  1  2  3  4 |
---------------+-------------+-----
Short Blades   | 1 3 4 |  4.1
Dodging        | |  2.4
Stealth        | |  2.6
Spellcasting   | |  2.1
Necromancy     | |  4.4

Action                   |  1- 3 |  4- 6 || total
-------------------------+-------+-------++-------
Melee: Dagger            |    25 |       ||    25
       Short sword       |    31 |    44 ||    75
 Cast: Pain              |    28 |    14 ||    42
 Stab: Sleeping          |     3 |     2 ||     5
  Eat: Chunk             |    10 |     4 ||    14
Armor: Robe              |    10 |     5 ||    15
Dodge: Dodged            |    45 |    42 ||    87
